 Dungeon Crawl Stone Soup version 0.31-a0-152-g6aa68a64a1 (webtiles) character file.

Game seed: 13008845345974721722

123 qw the Shooter (level 4, -1/40 HPs)
             Began as a Minotaur Hunter on June 9, 2023.
             Slain by an orc
             ... wielding a +0 mace
              (5 damage)
             ... on level 3 of the Dungeon.
             The game lasted 00:00:45 (2196 turns).

qw the Shooter (Minotaur Hunter)                    Turns: 2196, Time: 00:00:45

Health: -1/40      AC:  3    Str: 15 (16) XL:     4   Next: 80%
Magic:  3/3        EV: 12    Int:  5 (6)  God:
Gold:   161        SH:  5    Dex: 14 (15) Spells: 3/3 levels left

rFire   + . .        Y - +0 shortbow
rCold   . . .        (shield currently unavailable)
rNeg    . . .        c - +0 leather armour
rPois   .            (helmet restricted)
rElec   .            (no cloak)
rCorr   .            (no gloves)
SInv    .            (no boots)
Will    .....        g - amulet of reflection
Stlth   +            a - ring of protection from fire
HPRegen 0.26/turn    (no ring)
MPRegen 0.08/turn

%: reflection
@: no status effects
A: horns 2, retaliatory headbutt
a: no special abilities


You were on level 3 of the Dungeon.
You visited 1 branch of the dungeon, and saw 4 of its levels.

You collected 161 gold pieces.


Innate Abilities, Weirdness & Mutations

You have a pair of horns on your head.
You reflexively headbutt those who attack you in melee.


   Skills:
 - Level 4.1 Fighting
 + Level 6.0 Ranged Weapons
 - Level 2.1 Dodging
 - Level 0.7 Stealth


You had 3 spell levels left.
You didn't know any spells.
Your spell library was empty.

Inventory:

Hand Weapons
 Y - a +0 shortbow (weapon)
Armour
 c - a +0 leather armour (worn)
Jewellery
 a - a ring of protection from fire (left hand)
 g - an amulet of reflection (around neck)
 h - a ring of ice
Scrolls
 e - a scroll of identify
Potions
 b - a potion of resistance {unknown}
 d - a potion of brilliance {unknown}
 f - a potion of mutation {unknown}
 i - a potion of attraction {unknown}

Dungeon Overview and Level Annotations

Branches:
Dungeon (4/15)
 Temple: D:4-7

Altars:

Shops:
D:1 *


Message History

(D) Dungeon
Where to? (* - list waypoints, Enter - D:3, ? - help)
What level of the Dungeon? (default 1, ? - help)
There is an open door here.
There is a stone staircase leading down here.
You climb downwards.
You hear the sound of rushing water.
There is an entrance to a sewer on this level.
Hurry and find it before the portal rusts away!
The orc shouts!
The ogre shouts!
The orc priest shouts!
The orc shouts!
You hear a shout! x2
Found 20 gold pieces and a scroll of vulnerability.
Found an escape hatch in the floor.
There is a stone staircase leading up here.
There are monsters nearby!
Waypoint 3 assigned to D:4.
2192 ||| PLANNING SEWER You shoot an arrow.
The orc shouts!
The arrow hits the orc but does no damage.
The orc completely misses you.
An orc comes into view. It is wielding a +0 club.
You shoot an arrow.
The arrow hits the ogre but does no damage.
The ogre hits you with a +0 giant club!!
Ouch! That really hurt!
The orc barely misses you. The orc closely misses you.
A goblin comes into view. It is wielding a +0 dagger.
The orc hits you with a +0 mace.
2194 ||| STAIRDANCE The orc hits you with a +0 mace.
The orc hits you but does no damage. The orc closely misses you.
You furiously retaliate!
You headbutt the orc!
You kill the orc!
You block the orc wizard's attack. You block the orc's attack.
You climb upwards.
There is a stone staircase leading down here.
You shoot an arrow. The arrow hits the ogre.
The ogre is moderately wounded.
The ogre misses you. The orc hits you with a +0 club.
The orc hits you with a +0 mace.
You die...

# #.###.#.....#..........#.#.# #
#.# #.#.###.#......%##.#.#.#### #
#.# #....##.#............#.....
###.# #.....#.#......######....#.
'.#.# #.....#.#.<....+...........
#.#.# #.....#.#......###.......##
#...# #.#'#...#......# #.......#
#######.#.#####.o....# #.......#
........#.....#.@o...# #.......##
........#####.#Oo....# #.........
.....................# ####.##.#.
......##...##........# ####.####.
.......+...''........###.........
..)...##...##%...........##......
.....)##...##............#.......
##..........#............#.######
.#..........#...................#


You could see an ogre, an orc wizard and 2 orcs.

Vanquished Creatures
  A hound (D:3)
  3 adders
  A worm (D:3)
  2 orcs
  8 ball pythons
  7 endoplasms
  2 giant cockroaches (D:1)
  3 goblins
  6 hobgoblins
  3 quokkas
  3 bats
  3 frilled lizards (D:1)
  11 kobolds
  4 rats
57 creatures vanquished.

Notes
Turn   | Place    | Note
-------+----------+-------------------------------------------
     0 | D:1      | qw the Minotaur Hunter began the quest for the Orb.
     0 | D:1      | Reached XP level 1. HP: 18/18 MP: 0/0
     0 | D:1      | 0 ||| qw: Version: 0.2-a-122-gbc61b45
     0 | D:1      | 0 ||| qw: Game counter: 3311
     0 | D:1      | 0 ||| qw: Always use a shield: true
     0 | D:1      | 0 ||| qw: God list: Okawaru
     0 | D:1      | 0 ||| qw: Allow faded altars: false
     0 | D:1      | 0 ||| qw: Do Orc after D:15 true
     0 | D:1      | 0 ||| qw: Do second Lair branch before Depths: true
     0 | D:1      | 0 ||| qw: Lair rune preference: random
     0 | D:1      | 0 ||| qw: Plans: Normal
     0 | D:1      | 0 ||| PLANNING D:1-11
    20 | D:1      | Found Ceratag's General Store.
    28 | D:1      | 28 ||| SHOPLISTING +3 leather armour of Epratik {Harm Fly}
                  | (287 gold, have 0).
   147 | D:1      | Reached XP level 2. HP: 22/25 MP: 1/1
   218 | D:1      | Reached skill level 5 in Ranged Weapons
   346 | D:1      | Reached skill level 3 in Fighting
   761 | D:1      | 761 ||| READING scroll labelled YSAPEM CACOLL.
   765 | D:1      | 765 ||| READING 2 scrolls labelled EHIAFI GULIJ.
   766 | D:1      | 766 ||| READING scroll labelled MOSODINARA.
   767 | D:1      | 767 ||| DRINKING 2 puce potions.
   768 | D:1      | 768 ||| DROPPING scroll of butterflies.
   769 | D:1      | 769 ||| DROPPING potion of enlightenment.
   804 | D:2      | Reached XP level 3. HP: 31/31 MP: 2/2
  1258 | D:2      | Reached XP level 4. HP: 38/38 MP: 3/3
  1285 | D:2      | 1285 ||| UPGRADING to ring of protection from fire.
  1286 | D:2      | 1286 ||| READING scroll labelled FEDGHU HUAPROEG.
  1287 | D:2      | 1287 ||| DRINKING 2 white potions.
  1288 | D:2      | 1288 ||| DROPPING potion of degeneration.
  1290 | D:2      | 1290 ||| Stepping ~*~*~tactically~*~*~ (cloud).
  1470 | D:3      | Reached skill level 6 in Ranged Weapons
  2170 | D:3      | 2170 ||| UPGRADING to amulet of reflection.
  2175 | D:3      | 2175 ||| READING scroll labelled PET TIOTEWNO.
  2191 | D:4      | Noticed an ogre
  2192 | D:4      | 2192 ||| PLANNING SEWER
  2193 | D:4      | HP: 10/40 [orc/+0 mace (5)]
  2194 | D:4      | 2194 ||| STAIRDANCE
  2196 | D:3      | HP: 4/40 [orc/+0 club (4)]
  2196 | D:3      | Slain by an orc

Levels and vault maps discovered:
D:1:      lightli_arrival_quake, layout_loops_ring, serial_shops, shop
D:2:      layout_basic, hangedman_decor_slide_cut
D:3:      layout_basic
D:4:      layout_loops_ring, gammafunk_ghost_stat_death,
          gup_sewer_entry_bubbles, ebering_dispersal_statue_hall

Skill      XL: |  1  2  3  4 |
---------------+-------------+-----
Ranged Weapons | 5 6 |  6.0
Fighting       | 3 4 |  4.1
Dodging        | |  2.1
Stealth        | |  0.7

Action                     |  1- 3 |  4- 6 || total
---------------------------+-------+-------++-------
   Fire: Shortbow          |    97 |    39 ||   136
    Use: Scroll            |     3 |     2 ||     5
         Potion            |     1 |     1 ||     2
 Armour: Leather armour    |    12 |     3 ||    15
  Dodge: Dodged            |    17 |    11 ||    28
  Block: Other             |       |     2 ||     2

Table legend:
 A = Non-vault XP
 B = Vault XP
 C = Vault XP percentage of total XP
 D = Non-vault monster count
 E = Vault monster count
 F = Vault count percentage of total count
                 A         B        C        D         E       F
            +---------+---------+-------+---------+---------+-------
      Total |     177 |       0 |   0.0 |      57 |       0 |   0.0
            +---------+---------+-------+---------+---------+-------
        D:1 |      40 |       0 |   0.0 |      24 |       0 |   0.0
        D:2 |      57 |       0 |   0.0 |      20 |       0 |   0.0
        D:3 |      77 |       0 |   0.0 |      12 |       0 |   0.0
        D:4 |       3 |       0 |   0.0 |       1 |       0 |   0.0
            +---------+---------+-------+---------+---------+-------
